 Dungeon Crawl Stone Soup version 0.26.1-2-gb8aa6d0cf2 (webtiles) character file.

Game seed: 18339527371593229283

135 windgrace the Skirmisher (level 5, -3/46 HPs)
             Began as a Ghoul Monk on Feb 14, 2021.
             Was an Initiate of Gozag.
             Slain by an ogre
             ... wielding a +0 giant club
              (20 damage)
             ... on level 4 of the Dungeon.
             The game lasted 00:12:15 (2271 turns).

windgrace the Skirmisher (Ghoul Monk)               Turns: 2271, Time: 00:12:16

Health: -3/46      AC:  9    Str: 15    XL:     5   Next: 18%
Magic:  4/4        EV:  6    Int:  5    God:    Gozag
Gold:   240        SH:  3    Dex: 12    Spells: 4/4 levels left

rFire    . . .     SeeInvis .   i - +1 mace (vorpal)
rCold    + . .     Faith    .   m - +0 buckler
rNeg     + + +     Spirit   .   c - +0 chain mail
rPois    ∞         Reflect  .   (no helmet)
rElec    .         Harm     .   (no cloak)
rCorr    .         Rampage  .   (no gloves)
Will     .....                  (no boots)
Stlth    ..........             (no amulet)
HPRegen  0.00/turn              (no ring)
MPRegen  0.09/turn              (no ring)

@: no status effects
A: claws 1, cold resistance 1, negative energy resistance 3, inhibited
regeneration, torment resistance, unbreathing
a: Renounce Religion, Potion Petition, Call Merchant, Bribe Branch


You were on level 4 of the Dungeon.
You worshipped Gozag.
Gozag was aware of your devotion.
You visited 1 branch of the dungeon, and saw 4 of its levels.

You collected 240 gold pieces.

Inventory:

Hand Weapons
 a - a +0 falchion
 h - a +0 club
 i - a +1 vorpal mace (weapon)
Missiles
 g - 32 poisoned darts (quivered)
Armour
 b - a +0 robe
 c - a +0 chain mail (worn)
 m - a +0 buckler (worn)
Jewellery
 r - an uncursed ring of resist corrosion {unknown}
Scrolls
 d - a scroll of remove curse {unknown}
 f - 4 scrolls of identify {unknown}
 j - a scroll of magic mapping {unknown}
 k - a scroll of immolation {unknown}
 n - 2 scrolls of fear {unknown}
 p - a scroll of blinking {unknown}
 q - a scroll of fog {unknown}
Potions
 e - 2 potions of invisibility {unknown}
 l - 2 potions of mutation {unknown}
 o - a potion of curing {unknown}
 s - a potion of lignification {unknown}


   Skills:
 - Level 4.0 Fighting
 - Level 3.0 Long Blades
 + Level 3.0 Armour
 - Level 3.0 Dodging
 - Level 3.0 Stealth


You had 4 spell levels left.
You didn't know any spells.
Your spell library was empty.

Dungeon Overview and Level Annotations

Branches:
Dungeon (4/15)
 Temple: D:4-7

Altars:
Gozag
Ru


Innate Abilities, Weirdness & Mutations

You thrive by killing the living.
You are immune to poison.
You have sharp fingernails.
Your flesh is cold resistant. (rC+)
You are immune to negative energy. (rN+++)
You do not regenerate when monsters are visible.
You are immune to unholy pain and torment.
You can survive without breathing.


Message History

Throw: 33 darts (poison)
Press: ? - help, Q - select action, (/) - cycle Shift-Dir - straight line, f/p - ogre
Aim: an ogre, wielding a +0 giant club (moderately wounded, very poisoned, 72% to hit)
You throw a poisoned dart.
The poisoned dart barely misses the ogre.
Your shield and chain mail prevent you from hitting the ogre.
The ogre is moderately wounded.
The ogre hits you with a +0 giant club.
You barely miss the ogre.
The ogre is moderately wounded.
The ogre hits you with a +0 giant club!
Your shield and chain mail prevent you from hitting the ogre.
The ogre is moderately wounded.
The ogre barely misses you.
You barely miss the ogre.
The ogre is moderately wounded.
The ogre hits you with a +0 giant club!
The ogre hits you with a +0 giant club!!
You die...
Your body crumbles into a pile of gold.

#. #. #( #( #( #(
#O##########
#)@........#######+
######.............
#...........(.
#>............
#.............
#.............
#.............
#..<..........
#####.........


You could see an ogre (poisoned).

Vanquished Creatures
  A centaur skeleton (D:4)
  3 adders (D:2)
  An ooze (D:2)
  3 dart slugs
  2 leopard geckos
  5 orcs (D:3)
  3 giant cockroaches
  7 hobgoblins
  9 kobolds
  A ball python (D:3)
  5 bats
  5 frilled lizards
  10 goblins
  7 rats
62 creatures vanquished.

Notes
Turn   | Place    | Note
-------+----------+-------------------------------------------
     0 | D:1      | windgrace the Ghoul Monk began the quest for the Orb.
     0 | D:1      | Reached XP level 1. HP: 19/19 MP: 0/0
    48 | D:1      | Reached XP level 2. HP: 19/26 MP: 1/1
   498 | D:1      | Reached XP level 3. HP: 31/31 MP: 2/2
   780 | D:2      | Reached skill level 4 in Fighting
   983 | D:2      | Reached skill level 1 in Armour
   983 | D:2      | Reached XP level 4. HP: 38/40 MP: 3/3
  1230 | D:2      | Found a faded altar of an unknown god.
  1251 | D:2      | Became a worshipper of Gozag Ym Sagoz the Greedy
  1384 | D:3      | Found a sacrificial altar of Ru.
  1966 | D:4      | Reached XP level 5. HP: 16/46 MP: 4/4
  2263 | D:4      | Noticed an ogre
  2271 | D:4      | Slain by an ogre

Illustrated notes

Levels and vault maps discovered:
D:1:      lightli_arrival_chessboard, layout_basic, minmay_misc_feat_rugged
D:2:      layout_rooms, chequers_ecumenical_altar_simple
D:3:      layout_rooms, serial_corexii_hall, chequers_hall_statues_corner_a,
          chequers_hall_statues_corner_a, hangedman_ru_absence
D:4:      layout_basic, serial_shops, nicolae_shop_crystal, grunt_decor_fettered

Skill      XL: |  1  2  3  4 |
---------------+-------------+-----
Long Blades    | 3 |  3.0
Dodging        | 3 |  3.0
Stealth        | 3 |  3.0
Fighting       | 4 |  4.0
Armour         | 1 3 |  3.0

Action                   |  1- 3 |  4- 6 || total
-------------------------+-------+-------++-------
Melee: Falchion          |    46 |       ||    46
       Mace              |    42 |    69 ||   111
Throw: Dart              |     2 |    62 ||    64
Armor: Robe              |     6 |       ||     6
       Chain mail        |    52 |    38 ||    90
Dodge: Dodged            |    37 |    27 ||    64
Block: Buckler           |       |     5 ||     5
       Rpst.: Falchion   |     7 |       ||     7
